 Dungeon Crawl Stone Soup version 0.16.2-12-gd0ad4c3 (webtiles) character file.

480 HANFGEIST the Ducker (level 6, 0/28 HPs)
             Began as a Spriggan Air Elementalist on Oct 6, 2015.
             Killed by divine providence
             ... invoked by an orc priest
              (16 damage)
             ... on level 5 of the Dungeon.
             The game lasted 00:15:13 (3642 turns).

HANFGEIST the Ducker (Spriggan Air Elementalist)    Turns: 3642, Time: 00:15:18

Health: 0/28       AC:  3    Str:  4    XL:     6   Next: 86%
Magic:  15/17      EV: 23    Int: 18    God:
Gold:   188        SH:  0    Dex: 17    Spells: 1 memorised, 9 levels left

rFire  . . .     SeeInvis +     s - +2 hand axe (chop)
rCold  . . .     Clarity  .     j - +0 robe
rNeg   . . .     SustAb   .     (shield restricted)
rPois  .         Gourm    .     (helmet restricted)
rElec  .         Spirit   .     r - +0 cloak
rCorr  .         Warding  .     (gloves unavailable)
rMut   .         Stasis   .     (boots unavailable)
MR     +....                    (no amulet)
Stlth  ++........               (no ring)
                                g - ring of loudness (curse)

@: very quick, somewhat resistant to hostile enchantments, unstealthy
A: unfitting armour, see invisible, herbivore 3, speed 3, slow metabolism 2
a: no special abilities


You were on level 5 of the Dungeon.
You were full.

You visited 1 branch of the dungeon, and saw 5 of its levels.

You collected 188 gold pieces.

Inventory:

Hand weapons
 p - a +0 whip of holy wrath
 s - a +2 hand axe of chopping (weapon)
Armour
 j - a +0 robe (worn)
 r - a +0 cloak (worn)
Magical staves
 v - an uncursed staff of cold
Jewellery
 g - a cursed ring of loudness (left hand)
Scrolls
 a - a scroll of enchant weapon {unknown}
 e - a scroll of blinking {unknown}
 f - 2 scrolls of recharging {unknown}
 h - 7 scrolls of identify {unknown}
 i - a scroll of immolation {unknown}
 l - 2 scrolls of random uselessness {unknown}
 q - a scroll of fear {unknown}
 t - a scroll of fog {unknown}
 u - a scroll of teleportation {unknown}
 w - 4 scrolls of remove curse {unknown}
 x - a scroll of enchant armour {unknown}
Potions
 d - 2 potions of cancellation {unknown}
 k - a potion of ambrosia {unknown}
 m - a potion of flight {unknown}
 n - a potion of poison {unknown}
 o - 4 potions of curing {unknown}
Books
 b - a book of Air

   Spells                             Type                      Level
   a - Shock                          Conjuration/Air              1
   b - Swiftness                      Charms/Air                   2
   c - Repel Missiles                 Charms/Air                   2
   d - Flight                         Charms/Air                   3
   e - Static Discharge               Conjuration/Air              3
   f - Lightning Bolt                 Conjuration/Air              5
Comestibles
 c - 3 bread rations


   Skills:
 * Level 7.5 Dodging
 - Level 3.0 Stealth
 - Level 2.6 Spellcasting
 * Level 2.8 Conjurations
 + Level 4.3 Air Magic


You had 9 spell levels left.
You knew the following spells:

 Your Spells              Type           Power        Failure   Level  Hunger
a - Shock                 Conj/Air       ###.         4%          1    #......


Dungeon Overview and Level Annotations

Branches:
Dungeon (5/15)
 Temple: D:4-7

Altars:
Xom

Annotations:
D:5 Blork the orc


Innate Abilities, Weirdness & Mutations

You are tiny and cannot use many weapons and most armour.
You have supernaturally acute eyesight.
You are a herbivore.
You cover ground extremely quickly.
You need consume almost no food.


Message History

Casting: Shock
Confirm with . or Enter, or press ? or * to list all spells.
Aiming: Shock
Press: ? - help, Shift-Dir - straight line, f - orc priest
Aim: an orc priest, wielding a dagger The zap hits the orc priest.
The orc priest is heavily wounded.
Casting: Shock
Confirm with . or Enter, or press ? or * to list all spells.
Aiming: Shock
Press: ? - help, Shift-Dir - straight line, f - orc priest, p - orc priest
Aim: an orc priest, wearing a ring mail The zap hits the orc priest.
The orc priest is severely wounded.
The zap hits the orc priest.
The orc priest is lightly wounded.
The orc priest calls down the wrath of Beogh upon you.
Something smites you!
Ouch! That really hurt!
You die...

... #.......#................o###
... ###...$............$.........
.!........####...#####......#####
..##..#..o......# ########
##.........o.#.###
#.......o.##...##
...<......###...###
......o.%...##....######
.........o. ##.@.#....#
......o..o. ###......#
..>........ #...)..# #.......##
###....# ##.....## #....# #######
#....# ######


You could see 2 orc priests.

Vanquished Creatures
  The ghost of Musteatbrain the Skirmisher, an average DgFi (D:3)
  An ogre (D:4)
  2 scorpions (D:4)
  3 worker ants (D:4)
  A shadow imp (D:5)
  3 adders (D:2)
  A worm (D:4)
  An adder zombie (D:5)
  An adder skeleton (D:4)
  An ooze (D:3)
  4 orcs
  3 giant cockroaches
  10 goblins
  12 hobgoblins
  15 kobolds
  2 quokkas (D:4)
  A ball python (D:3)
  14 bats
  6 giant newts
  9 rats
91 creatures vanquished.

Notes
Turn   | Place    | Note
--------------------------------------------------------------
     0 | D:1      | HANFGEIST, the Spriggan Air Elementalist, began the quest for the Orb.
     0 | D:1      | Reached XP level 1. HP: 9/9 MP: 4/4
   312 | D:1      | Reached XP level 2. HP: 10/13 MP: 1/7
   603 | D:1      | Reached skill level 4 in Dodging
  1033 | D:2      | Reached XP level 3. HP: 3/16 MP: 6/9
  1363 | D:2      | Found a shimmering altar of Xom.
  1369 | D:2      | Found a shimmering altar of Xom.
  1369 | D:2      | Found a shimmering altar of Xom.
  1369 | D:2      | Found a shimmering altar of Xom.
  1633 | D:2      | Reached XP level 4. HP: 11/21 MP: 4/12
  1735 | D:2      | Found a shimmering altar of Xom.
  1738 | D:2      | Found a shimmering altar of Xom.
  1942 | D:3      | Reached skill level 1 in Conjurations
  1993 | D:3      | Reached skill level 5 in Dodging
  2369 | D:3      | Noticed Musteatbrain's ghost (average DgFi)
  2649 | D:4      | Noticed an ogre
  2694 | D:4      | Killed an ogre
  2694 | D:4      | Reached XP level 5. HP: 24/24 MP: 5/14
  2751 | D:4      | Reached skill level 6 in Dodging
  2896 | D:4      | Reached XP level 6. HP: 21/28 MP: 9/17
  2977 | D:4      | HP: 1/28 [bounced beam (4)]
  3114 | D:4      | Reached skill level 7 in Dodging
  3270 | D:5      | Entered Level 5 of the Dungeon
  3297 | D:5      | Noticed Blork the orc
  3468 | D:3      | Killed Musteatbrain's ghost
  3642 | D:5      | Killed from afar by an orc priest

Action                   |  1- 3 |  4- 6 || total
-------------------------+-------+-------++-------
Melee: Dagger            |     4 |       ||     4
       Unarmed           |     1 |       ||     1
       Short sword       |    34 |       ||    34
       Whip              |     2 |    70 ||    72
       Hand axe          |       |    59 ||    59
 Cast: Shock             |    72 |    80 ||   152
 Stab: Distracted        |       |     1 ||     1
  Eat: Bread ration      |       |     1 ||     1
